 Dungeon Crawl Stone Soup version 0.30-a0-1066-g63dfefce0d (webtiles) character file.

Game seed: 5118852953947553510

393 Esekla the Covert (level 6, -4/43 HPs)
             Began as an Octopode Delver on Apr 13, 2023.
             Was an Initiate of Gozag.
             Slain by an ogre
             ... wielding a +0 giant club
              (30 damage)
             ... on level 5 of the Dungeon.
             The game lasted 00:19:57 (3850 turns).

Esekla the Covert (Octopode Delver)                 Turns: 3850, Time: 00:19:57

Health: -4/43      AC:  1    Str: 12    XL:     6   Next: 81%
Magic:  5/10       EV: 13    Int: 14    God:    Gozag
Gold:   681        SH:  5    Dex: 13    Spells: 1/10 levels left

rFire   . . .      SeeInvis +    a - +0 falchion
rCold   . . .      Faith    .    (no shield)
rNeg    . . .      Spirit   .    (helmet restricted)
rPois   .          Reflect  +    y - amulet of reflection
rElec   .          Rampage  .    h - ring of wizardry
rCorr   .                        p - ring of see invisible
Will    .....                    (no ring)
Stlth   ++++++                   (no ring)
HPRegen 0.27/turn                (no ring)
MPRegen 0.12/turn                (no ring)
                                 (no ring)
                                 (no ring)

@: no status effects
A: almost no armour, amphibious, 8 rings, camouflage 1, gelatinous body 1,
nimble swimmer 1, tentacles
a: Renounce Religion, Potion Petition, Call Merchant, Bribe Branch


You were on level 5 of the Dungeon.
You worshipped Gozag.
Gozag was pleased with you.
You visited 2 branches of the dungeon, and saw 6 of its levels.

You collected 716 gold pieces.
You spent 14 gold pieces at shops.
You paid 21 gold pieces to Gozag.

Inventory:

Hand Weapons
 a - a +0 falchion (weapon)
 s - a +0 dagger
Missiles
 l - a silver boomerang
 m - 3 boomerangs (quivered)
 v - 12 poisoned darts
Jewellery
 h - a ring of wizardry (left tentacle)
 p - a ring of see invisible (right tentacle)
 y - an amulet of reflection (around mantle)
 A - a ring of fire
Wands
 f - a wand of digging (3)
Scrolls
 b - 2 scrolls of fog
 d - 2 scrolls of fear
 i - 3 scrolls of identify {unknown}
 k - a scroll of blinking {unknown}
 o - 2 scrolls of magic mapping
 q - a scroll of enchant armour {unknown}
 t - a scroll of acquirement {unknown}
 w - a scroll of teleportation {unknown}
 C - a scroll of poison {unknown}
Potions
 c - 2 potions of lignification {unknown}
 e - 2 potions of haste
 g - 4 potions of curing {unknown}
 j - 3 potions of berserk rage {unknown}
 n - 2 potions of mutation {unknown}
 r - 3 potions of heal wounds {unknown}
 u - a potion of brilliance {unknown}
 x - a potion of might {unknown}
 z - 3 potions of invisibility {unknown}
 B - a potion of attraction {unknown}


   Skills:
 * Level 4.0 Fighting
 + Level 0.2(1.7) Short Blades
 * Level 2.8 Long Blades
 * Level 2.9 Dodging
 - Level 8.2 Stealth
 * Level 2.7 Spellcasting
 * Level 1.4 Necromancy
 * Level 0.7 Translocations
 * Level 0.3 Air Magic


You had one spell level left.
You knew the following spells:

 Your Spells              Type           Power      Damage    Failure   Level
c - Mephitic Cloud        Conj/Pois/Air  2%         N/A       26%         3
d - Vampiric Draining     Necr           6%         2d6       16%         3
h - Vhi's Electric Charg  Tloc/Air       6%         N/A       21%         3

Your spell library contained the following spells:

 Spells                   Type           Power      Damage    Failure   Level
 Necrotise                Necr           24%        1d5       4%          1
 Arcjolt                  Conj/Air       1%         1d11      89%         5
 Plasma Beam              Fire/Air       1%         2x1d12    100%        6


Dungeon Overview and Level Annotations

Branches:
Dungeon (5/15)             Temple (1/1) D:5

Altars:
Gozag
Hepliaklqana

Shops:
D:3 ?


Innate Abilities, Weirdness & Mutations

You cannot wear most types of armour.
You are amphibious.
You can wear up to eight rings at the same time.
Your skin changes colour to match your surroundings (Stealth+).
Your rubbery body absorbs attacks. (AC +1, EV +1)
You are camouflaged when in or above water. (Stealth+)
You have tentacles for arms and can constrict up to eight enemies at once.


Message History

Confirm with . or Enter, or press ? or * to list all spells.
The spell is quite dangerous to miscast (26% risk of failure)!
Continue anyway? [Y]es or [N]o only, please.
The spell is quite dangerous to miscast (26% risk of failure)!
Continue anyway?
Aiming: Mephitic Cloud (quite dangerous; 26% risk of failure)
Press: ? - help, Shift-Dir - straight line, f - ogre
Aim: an ogre, wielding a +0 giant club (chance to affect: 77%)
The ball explodes into a vile cloud!
The stinking cloud engulfs the ogre but does no damage.
The ogre is engulfed in noxious fumes.
a - a +0 falchion (weapon)
The ogre closely misses you.
You closely miss the ogre. You hit the ogre.
The ogre is lightly wounded.
You block the ogre's attack.
You hit the ogre. Your squeeze misses the ogre.
The ogre is moderately wounded.
The ogre closely misses you.
You barely miss the ogre.
The ogre is moderately wounded.
The ogre closely misses you.
You hit the ogre.
The ogre is moderately wounded.
You barely miss the ogre. You squeeze the ogre.
The ogre is heavily wounded.
You block the ogre's attack.
You hit the ogre.
The ogre is severely wounded.
The ogre hits you with a +0 giant club!!
Casting: Mephitic Cloud (quite dangerous; 26% risk of failure)
Confirm with . or Enter, or press ? or * to list all spells.
Aiming: Vampiric Draining (dangerous; 16% risk of failure)
Press: ? - help, Shift-Dir - straight line, f/p - ogre
Aim: an ogre, wielding a +0 giant club (severely wounded)
You draw life force from the ogre!
You feel life coursing into your body.
The ogre hits you with a +0 giant club!!
Ouch! That really hurt!
You die...
Your body crumbles into a pile of gold.

......## ### ###~# ##.###.##.
#<.....###~###~~~# #.## ##...
##......##~#~#~~## ##.###.##.
##....##~~~~#~#~# ##.#.#*#.
#.#####~~O~#O#~# ##.#* #. #.#
#~###~~#~# #.# ## ##'## ##~#
#~##~# #.# ##...###~~# #~##O#
###.### #.....#~~~# #~##@#
#.....# ......#~~~###~##~#
#.....# #
[.....#~#~~####~~########.....###
.<....#~#~~## #~~#......).......'
......####~~# #~~#.######.....###
.......# #~~# #~##.# #......### #
#.....## #~~# #~#.<# #.####.#
##...## #~####~#..# #.####.#
##'######~#.......# #.#....#


You could see an ogre.

Vanquished Creatures
  A scorpion (D:5)
  3 iguanas
  Jessica (D:2)
  Natasha (thrice) (D:2)
  2 orc wizards (D:3)
  3 adders
  3 ufetubi
  A worm (D:2)
  A dart slug (D:2)
  4 orcs (D:3)
  4 bats
  7 endoplasms
  3 giant cockroaches
  2 goblins
  4 hobgoblins
  4 jackals (D:2)
  2 kobolds
  2 quokkas (D:4)
  4 ball pythons
  6 rats
60 creatures vanquished.

Notes
Turn   | Place    | Note
-------+----------+-------------------------------------------
     0 | D:5      | Esekla the Octopode Delver began the quest for the Orb.
     0 | D:5      | Reached XP level 1. HP: 16/16 MP: 1/1
    31 | D:5      | Found a staircase to the Ecumenical Temple.
    60 | Temple   | Entered the Ecumenical Temple
   125 | D:5      | Noticed an ogre
   260 | Temple   | Became a worshipper of Gozag Ym Sagoz the Greedy
   329 | D:4      | Noticed an iguana
   344 | D:5      | Noticed an iguana
   354 | D:4      | Noticed an iguana
   459 | D:3      | Found Vam Qou's Magic Scroll Shop.
   467 | D:3      | Bought a scroll of noise for 14 gold pieces
   506 | D:3      | Noticed an orc wizard
   810 | D:2      | Reached XP level 2. HP: 21/21 MP: 2/2
   831 | D:2      | Noticed Natasha
   834 | D:2      | Killed Natasha
   835 | D:2      | Reached skill level 7 in Stealth
   835 | D:2      | Reached XP level 3. HP: 26/26 MP: 3/3
   839 | D:2      | Got the Quarto of Nauseating Darkness
   844 | D:2      | Learned a level 3 spell: Vampiric Draining
   885 | D:2      | Noticed Natasha
   895 | D:2      | Killed Natasha
   896 | D:2      | Reached XP level 4. HP: 6/31 MP: 3/5
   988 | D:2      | Noticed Natasha
   995 | D:2      | Killed Natasha
   996 | D:2      | Reached skill level 1 in Spellcasting
  1406 | D:1      | Reached skill level 1 in Necromancy
  1638 | D:1      | Found a faded altar of an unknown god.
  2044 | D:2      | Noticed Jessica
  2048 | D:2      | Killed Jessica
  2049 | D:2      | Reached XP level 5. HP: 36/36 MP: 6/6
  2568 | D:3      | Reached skill level 8 in Stealth
  2622 | D:3      | Identified the +4 mace "Damaitam" {venom, rN+}
  2652 | D:2      | Learned a level 3 spell: Vhi's Electric Charge
  2770 | D:4      | Reached XP level 6. HP: 40/43 MP: 7/9
  3743 | D:5      | Learned a level 3 spell: Mephitic Cloud
  3850 | D:5      | Slain by an ogre

Illustrated notes

Levels and vault maps discovered:
D:1:      psy_arrival_spokes, layout_loops_ring, serial_forest,
          infiniplex_forest_corner_1, infiniplex_forest_lined_ring,
          infiniplex_forest_clump_double, infiniplex_forest_clump_medium,
          infiniplex_forest_clump_tiny, infiniplex_forest_lined_room_,
          hellmonk_ecumenical_altar_heavens_door
D:2:      minmay_evil_eye, layout_basic, uniq_natasha, uniq_jessica
D:3:      layout_basic, serial_shops, nicolae_shop_waterfront,
          serial_bayou_pond_e
D:4:      layout_rooms
D:5:      layout_loops_corners, minmay_temple_entry_steel_oval, serial_rivers,
          chequers_serial_rivers_micro_a, chequers_serial_rivers_small_b,
          chequers_serial_rivers_marsh, chequers_serial_rivers_micro_a,
          chequers_serial_rivers_large_b
Temple:   mainiacjoe_temple_big_plus

Skill      XL: |  1  2  3  4  5  6 |
---------------+-------------------+-----
Stealth        | 7 8 |  8.2
Spellcasting   | 1 2 |  2.7
Necromancy     | 1 |  1.4
Fighting       | 4 |  4.0
Short Blades   | |  0.2
Long Blades    | |  2.8
Dodging        | |  2.9
Translocations | |  0.7
Air Magic      | |  0.3

Action                     |  1- 3 |  4- 6 || total
---------------------------+-------+-------++-------
  Melee: Falchion          |    12 |    72 ||    84
         Constrict         |     4 |    18 ||    22
         Dagger            |     6 |    31 ||    37
         Tentacles         |     3 |    15 ||    18
         Punch             |       |     1 ||     1
   Cast: Vampiric Draining |       |     7 ||     7
         Vhi's Electric Ch |       |     2 ||     2
         Mephitic Cloud    |       |     1 ||     1
    Use: Scroll            |     1 |       ||     1
   Stab: Sleeping          |     4 |    21 ||    25
 Armour: Skin              |     2 |     8 ||    10
  Dodge: Dodged            |     8 |    64 ||    72
  Block: Other             |       |     8 ||     8

Table legend: (Time is in decaauts)
 A = Elapsed time spent in this place.
 B = Non-inter-level travel time spent in this place.
 C = Inter-level travel time spent in this place.
 D = Time resting spent in this place.
 E = Time spent auto-exploring this place.
 F = Levels seen in this place.
 G = Mean time per level.
                   A        B        C        D        E       F      G
               +--------+--------+--------+--------+--------+-----+--------+
         Total |   3844 |   3696 |    148 |    487 |   1332 |   6 |  640.7 |
       Dungeon |   3723 |   3628 |     95 |    487 |   1297 |   5 |  744.6 |
        Temple |    120 |     67 |     53 |      0 |     35 |   1 |  120.0 |
               +--------+--------+--------+--------+--------+-----+--------+

Top non-repeatable levels by time:
     D:2: 1090 daAuts
     D:4: 759 daAuts
     D:1: 725 daAuts
     D:5: 676 daAuts
     D:3: 472 daAuts
  Temple: 120 daAuts
